AoeStats
← [RAT] G0rm

African Clearing

504586808Analyzed
3v3 RM · 27d ago on Sep 5, 2026· 34m 20s· 6 players
Game mode
Random Map
Map size
Normal (6 player)
Population
200
Speed
Normal
Resources
Standard
Victory
Conquest
Starting age
Dark Age
Ending age
Imperial Age
RankedLock teamsTeams togetherTeam positionsShared explorationLock speedFull tech treeHidden civsTurbo modeCheats
Victory
Defeat
🇺🇸 Wei · United States
1621
+6
🇳🇱 Jurchens · Netherlands
1567
+7
🇷🇴 Italians · Romania
1495
+10
🇬🇧 Burmese · United Kingdom
1488
-11
🇵🇱 Bulgarians · Poland
1281
-6
🇩🇪 Chinese · Germany
1281
-6
[RAT] Havik_AoE
12:09 Feudal Age
13:29 Loom
16:08 Castle Age
15:10 Double-Bit Axe
15:06 Horse Collar
22:25 Bow Saw
22:51 Wheelbarrow
24:04 Scale Barding Armor
24:46 Husbandry
25:01 Bloodlines
24:53 Husbandry
27:05 Chain Barding Armor
28:08 Forging
35:42 Imperial Age
35:02 Iron Casting
[RAT] G0rm
6:06 Loom
13:41 Feudal Age
14:45 Double-Bit Axe
14:42 Horse Collar
17:38 Castle Age
18:47 Bow Saw
19:17 Wheelbarrow
19:37 Heavy Plow
21:30 Gold Mining
21:52 Fletching
23:30 Bodkin Arrow
27:51 Padded Archer Armor
33:16 Imperial Age
[RAT] Spencer
9:19 Loom
11:34 Feudal Age
12:14 Double-Bit Axe
12:39 Horse Collar
15:30 Town Watch
18:46 Forging
20:19 Scale Barding Armor
21:29 Bloodlines
28:40 Castle Age
27:18 Gold Mining
27:19 Stone Mining
30:50 Chain Barding Armor
31:46 Iron Casting
twitch/drunkweasel1
3:57 Loom
4:11 Loom
5:38 Loom
14:20 Feudal Age
17:44 Castle Age
16:10 Horse Collar
16:43 Horse Collar
18:28 Bloodlines
18:24 Scale Barding Armor
27:22 Wheelbarrow
27:44 Town Watch
27:51 Gold Mining
28:06 Heavy Plow
28:37 Scale Mail Armor
28:48 Forging
29:31 Forging
32:28 Chain Barding Armor
32:45 Iron Casting
34:28 Husbandry
Bruce Aka Baka
10:54 Loom
13:20 Feudal Age
14:10 Double-Bit Axe
14:20 Horse Collar
20:34 Arson
25:07 Wheelbarrow
24:37 Scale Mail Armor
27:20 Castle Age
26:22 Forging
26:05 Gold Mining
26:06 Stone Mining
26:46 Stone Mining
28:08 Town Watch
29:20 Chain Mail Armor
28:52 Gambesons
29:07 Squires
29:02 Fletching
29:47 Iron Casting
29:53 Bodkin Arrow
32:08 Ballistics
El Babol
2:55 Loom
11:13 Feudal Age
16:39 Castle Age
16:38 Fletching
16:59 Forging
16:52 Scale Mail Armor
17:28 Double-Bit Axe
17:26 Horse Collar
24:55 Crossbowman
30:41 Heavy Plow
31:22 Wheelbarrow
30:36 Town Watch
31:55 Murder Holes
Connection lost

Rejoining the realm…

Still unreachable

The connection could not be restored.

Session expired

The server has moved on; the page needs a fresh start.